Match 47134815
Unlisted

Match 47134815
End
Vickers Machine Gun Team
Construct Section Command Post
Infantry Section
Infantry Section
Grenade Package
Royal Engineer Section
Infantry Section
Construct Platoon Command Post
Construct Company Command Post
Crusader II Medium Tank
Selects Heavy Armor Battlegroup
Selects Light Vehicle Withdraw and Refit
Selects Rigorous Vehicle Training
Selects Radio Net
Selects Designate Targets
Crusader II Medium Tank
Infantry Training
Selects Forward Repair Assembly
Crusader II Medium Tank
Crusader II Medium Tank
Armored Vehicle Training
Foot Guards Section
Designate Targets
Crusader II Medium Tank
Designate Targets
Foot Guards Section
Designate Targets
Crusader II Medium Tank
Designate Targets
Crusader II Medium Tank
Foot Guards Section
Designate Targets
Radio Net
Designate Targets
Superbiz2
Pfeiffer
marty_not_mcfly
The Broken Ace
Eisenkreuzkrieger
Thrusher
$kaffa soldier
Benjamin Blümchen
0
0

Comments sign in to comment!

No comments posted yet!